 Dungeon Crawl Stone Soup version 0.20-a0-754-g13ddd6e (webtiles) character file.

41 esteth the Skirmisher (level 3, -2/30 HPs)
             Began as a Demonspawn Gladiator on Feb 27, 2017.
             Slain by a kobold
             ... wielding a +1 short sword of electrocution
              (15 damage)
             ... on level 2 of the Dungeon.
             The game lasted 00:02:53 (861 turns).

esteth the Skirmisher (Demonspawn Gladiator)         Turns: 861, Time: 00:02:54

Health: -2/30      AC:  4    Str: 19    XL:     3   Next: 32%
Magic:  3/3        EV: 13    Int:  9    God:
Gold:   30         SH:  0    Dex: 15    Spells: 2/2 levels left

rFire    . . .     SeeInvis .   a - +0 war axe
rCold    . . .     Gourm    .   b - +0 leather armour
rNeg     . . .     Faith    .   (no shield)
rPois    .         Spirit   .   c - +0 helmet
rElec    .         Reflect  .   (no cloak)
rCorr    .         Harm     .   (no gloves)
MR       .....                  (no boots)
Stlth    +.........             (no amulet)
Regen    0.1/turn               (no ring)
MPRegen  0.1/turn               (no ring)

@: mighty
A: powered by pain 2
a: no special abilities


You were on level 2 of the Dungeon.
You were not hungry.

You visited 1 branch of the dungeon, and saw 2 of its levels.

You collected 30 gold pieces.

Inventory:

Hand Weapons
 a - a +0 war axe (weapon)
Missiles
 d - 3 throwing nets (quivered)
Armour
 b - a +0 leather armour (worn)
 c - a +0 helmet (worn)
Scrolls
 h - 4 scrolls of identify {unknown}
 i - 3 scrolls of teleportation {unknown}
 k - a scroll of random uselessness {unknown}
 l - a scroll of fear {unknown}
Potions
 e - a potion of might {unknown}
Comestibles
 f - a bread ration
 g - 6 chunks of flesh
 j - a fruit
 m - a meat ration


   Skills:
 + Level 3.8 Fighting
 - Level 2.6 Axes
 - Level 1.7 Throwing
 - Level 2.6 Dodging


You had 2 spell levels left.
You didn't know any spells.

Dungeon Overview and Level Annotations

Branches:
Dungeon (2/15)

Altars:


Innate Abilities, Weirdness & Mutations

You sometimes gain power by taking damage.


Message History

The bat closely misses you. The kobold closely misses you.
You closely miss the kobold. The bat hits you but does no damage. x2
The kobold hits you with a short sword of electrocution. x2
You barely miss the kobold. You hit the bat. The bat completely misses you.
The kobold closely misses you.
You barely miss the kobold. The bat hits you but does no damage.
The kobold barely misses you.
You hit the kobold but do no damage. You hit the bat.
You kill the bat!
The kobold hits you but does no damage.
The kobold hits you with a short sword of electrocution.
You are electrocuted!
You focus on the pain.
You feel very mighty all of a sudden.
You barely miss the kobold.
The kobold hits you with a short sword of electrocution.
You barely miss the kobold.
The kobold hits you with a short sword of electrocution.
You are electrocuted!
Ouch! That really hurt!
You die...

#..#...#....
#######..##.......
..................
................#
>....)..........#####
..............#.....# .#
..............#.....#..#
..............##....#..#
..............##@.....#
#..[#.........##K....##
.(#...........##....## #
.####.............>.##.#
. #..........#.......#
#..(....)..#....####
#..........)..###
######........#
#.....####


You could see a kobold.

Vanquished Creatures
  An adder (D:1)
  An ooze (D:1)
  A dart slug (D:2)
  5 goblins
  3 hobgoblins (D:1)
  4 bats
  3 frilled lizards
  6 kobolds
  4 rats
28 creatures vanquished.

Vanquished Creatures (others)
  A frilled lizard (D:2)
1 creature vanquished.

Grand Total: 29 creatures vanquished

Notes
Turn   | Place    | Note
-------+----------+-------------------------------------------
     0 | D:1      | esteth the Demonspawn Gladiator began the quest for the Orb.
     0 | D:1      | Reached XP level 1. HP: 16/16 MP: 1/1
   109 | D:1      | Gained mutation: You sometimes gain a little power by taking damage. [demonic ancestry]
   109 | D:1      | Reached XP level 2. HP: 18/23 MP: 2/2
   207 | D:1      | Reached skill level 3 in Fighting
   729 | D:1      | Gained mutation: You sometimes gain power by taking damage. [demonic ancestry]
   729 | D:1      | Reached XP level 3. HP: 26/29 MP: 3/3
   861 | D:2      | Slain by a kobold

Vault maps used:
D:1:      minmay_arrival_three_doors
D:2:      nicolae_overflow_hidden_temple

Skill      XL: |  1  2 |
---------------+-------+-----
Fighting       | 3 |  3.8
Axes           | |  2.6
Throwing       | |  1.7
Dodging        | |  2.6

Action                   || total
-------------------------++-------
Melee: War axe           ||    81
  Use: Potion            ||     3
Armor: Leather armour    ||    29
Dodge: Dodged            ||    77
